 Dungeon Crawl Stone Soup version 0.21-a0-72-gbbb65ab (webtiles) character file.

1688 grindst0ne the Protected (level 9, -6/64 HPs)
             Began as a Formicid Fighter on June 20, 2017.
             Was an Initiate of Gozag.
             Mangled by an orc warrior
             ... wielding a +5 scimitar
              (8 damage)
             ... on level 6 of the Dungeon.
             The game lasted 00:15:17 (7146 turns).

grindst0ne the Protected (Formicid Fighter)         Turns: 7146, Time: 00:15:18

Health: -6/64      AC: 13    Str: 21    XL:     9   Next: 22%
Magic:  9/9        EV:  8    Int:  8    God:    Gozag
Gold:   760        SH: 13    Dex: 13    Spells: 8/8 levels left

rFire    . . .     SeeInvis +   a - +0 war axe
rCold    . . .     Gourm    .   h - +2 shield
rNeg     . . .     Faith    .   z - +0 chain mail
rPois    .         Spirit   .   (helmet unavailable)
rElec    .         Reflect  .   v - scarf {cloud immunity}
rCorr    .         Harm     .   r - +0 pair of gloves
MR       .....                  (no boots)
Stlth    ..........             (no amulet)
HPRegen  0.20/turn              (no ring)
MPRegen  0.11/turn              (no ring)

@: no status effects
A: permanent stasis, dig shafts and tunnels, four strong arms, antennae 3
a: Dig, Shaft Self, Potion Petition, Call Merchant, Bribe Branch, Renounce
Religion


You were on level 6 of the Dungeon.
You worshipped Gozag.
Gozag was pleased with you.
You were not hungry.

You visited 1 branch of the dungeon, and saw 6 of its levels.
You also visited: Sewer.

You collected 933 gold pieces.
You spent 112 gold pieces at shops.
You paid 61 gold pieces to Gozag.

Inventory:

Hand Weapons
 a - a +0 war axe (weapon)
Armour
 b - a +0 scale mail
 h - a +2 shield (worn)
 r - a +0 pair of gloves (worn)
 v - a scarf of cloud immunity (worn)
 z - a +0 chain mail (worn)
Jewellery
 d - an uncursed ring of wizardry {unknown}
Wands
 l - a wand of iceblast (2/15)
Scrolls
 c - a scroll of fog {unknown}
 e - 4 scrolls of remove curse
 j - 2 scrolls of identify
 m - a scroll of enchant armour {unknown}
 o - 2 scrolls of blinking {unknown}
 t - 4 scrolls of teleportation {unknown}
 u - 2 scrolls of recharging {unknown}
 x - 2 scrolls of amnesia {unknown}
 y - a scroll of immolation {unknown}
Potions
 i - 7 potions of flight
 k - 2 potions of degeneration {unknown}
 n - a potion of mutation
 q - 2 potions of agility {unknown}
 w - a potion of lignification {unknown}
 A - a potion of might
 B - a potion of haste {unknown}
Comestibles
 f - 3 bread rations
 g - 4 royal jellies
 p - a fruit
 s - 2 meat rations


   Skills:
 - Level 3.2 Fighting
 - Level 2.0 Axes
 + Level 10.1 Armour
 - Level 9.1 Shields


You had 8 spell levels left.
You didn't know any spells.

Dungeon Overview and Level Annotations

Branches:
Dungeon (6/15)             Temple (0/1) D:6

Altars:
Cheibriados
Fedhas
Gozag
The Shining One

Shops:
D:6 *

Annotations:
D:3 exclusion: downstairs


Innate Abilities, Weirdness & Mutations

You cannot be hasted, slowed, berserked, paralysed or teleported.
You can dig through walls and to a lower floor.
Your four strong arms can wield two-handed weapons with a shield.
You have a pair of large antennae on your head. (SInv)


Message History

You dig through the rock wall.
You dig through the rock wall.
The orc warrior closely misses you.
You dig through the rock wall.
You retract your mandibles.
You extend your mandibles.
You dig through the rock wall.
You dig through the rock wall.
You dig through the rock wall.
You block the orc warrior's attack.
You dig through the rock wall.
You retract your mandibles.
The orc priest invokes the aid of Beogh against you.
Beogh smites you!
* * * LOW HITPOINT WARNING * * *
There is a stone staircase leading up here.
(D) Dungeon (T) Temple
Where to? (Enter - D:6, ? - help)
There are monsters nearby!
The orc warrior hits you with an enchanted scimitar!
You die...
Your body crumbles into a pile of gold.

#.####........# .....# .
#.##...####.....# # ..
#.##............# ..
#................ #. ..
#####.......##### #. .# #####.#.#
#.# .# #.#.# #.. .## #.#.# #..
..############.#@# .. #..
..........>.....o########.>..##..
#.############..#o#..............
#.# #)#.#o.############. #.#
##......#.#.#.#.#.##. #.#
#.####...#.#.#.#.#.#. #.# ##.#
#..###########.. #.# #.## #..#
##o #.######## ### #..# ########.


You could see an orc warrior, an orc priest and an orc.

Vanquished Creatures
  The ghost of tstbtto the Chopper, an amateur GrFi (D:4)
  Eustachio (D:5)
  Menkaure (D:5)
  Duvessa (D:6)
  An orc warrior (D:6)
  2 ogres
  2 bullfrogs (D:6)
  Dowan (D:6)
  A scorpion (D:4)
  2 crimson imps
  A bullfrog zombie (D:5)
  2 hounds (D:4)
  A jelly (D:6)
  2 orc wizards (D:5)
  A bullfrog skeleton (D:6)
  An iguana (D:6)
  3 worker ants (D:4)
  3 gnolls (D:2)
  8 adders
  A shadow imp (D:5)
  6 oozes
  An adder zombie (D:6)
  6 worms
  2 dart slugs (D:4)
  3 leopard geckos
  17 orcs
  11 ball pythons
  13 bats
  7 giant cockroaches
  7 goblins
  3 hobgoblins (D:3)
  9 jackals
  5 frilled lizards
  A jackal skeleton (D:5)
  9 kobolds
  A leopard gecko skeleton (D:4)
  A quokka skeleton (D:6)
  8 rats
146 creatures vanquished.

Notes
Turn   | Place    | Note
-------+----------+-------------------------------------------
     0 | D:1      | grindst0ne the Formicid Fighter began the quest for the Orb.
     0 | D:1      | Reached XP level 1. HP: 18/18 MP: 1/1
   270 | D:1      | Reached XP level 2. HP: 19/24 MP: 2/2
   990 | D:2      | Reached XP level 3. HP: 13/29 MP: 3/3
   991 | D:2      | Reached skill level 5 in Shields
  1215 | D:2      | Reached XP level 4. HP: 35/35 MP: 4/4
  1874 | D:3      | Found an opulent altar of Gozag.
  1948 | D:3      | Reached XP level 5. HP: 37/41 MP: 5/5
  2187 | D:3      | Found a glowing golden altar of the Shining One.
  2401 | D:3      | Became a worshipper of Gozag Ym Sagoz the Greedy
  2582 | D:4      | Reached XP level 6. HP: 29/47 MP: 6/6
  2755 | D:4      | Noticed an ogre
  2764 | D:4      | Killed an ogre
  2764 | D:4      | Reached XP level 7. HP: 35/52 MP: 7/7
  2770 | D:4      | Found a snail-covered altar of Cheibriados.
  2770 | D:4      | Noticed tstbtto's ghost (amateur GrFi)
  2798 | D:4      | Found a blossoming altar of Fedhas.
  2921 | D:4      | Found a glowing drain.
  2935 | Sewer    | Entered a sewer
  4642 | D:4      | Killed tstbtto's ghost
  4642 | D:4      | Reached skill level 5 in Armour
  5333 | D:5      | Entered Level 5 of the Dungeon
  5339 | D:5      | Reached XP level 8. HP: 47/58 MP: 8/8
  5495 | D:5      | Reached skill level 6 in Armour
  5963 | D:5      | Noticed Eustachio
  6098 | D:5      | Killed Eustachio
  6098 | D:5      | Reached skill level 7 in Armour
  6272 | D:5      | Noticed Menkaure
  6276 | D:5      | Killed Menkaure
  6412 | D:6      | Reached skill level 8 in Armour
  6696 | D:6      | Found Baaqaz's General Store.
  6702 | D:6      | Bought a potion of might for 56 gold pieces
  6702 | D:6      | Bought a scroll of identify for 28 gold pieces
  6702 | D:6      | Bought a royal jelly for 28 gold pieces
  6710 | D:6      | Reached skill level 9 in Armour
  6817 | D:6      | Reached XP level 9. HP: 61/64 MP: 9/9
  6828 | D:6      | Noticed Duvessa
  6830 | D:6      | Noticed Dowan
  6842 | D:6      | Killed Duvessa
  6853 | D:6      | Killed Dowan
  6917 | D:6      | Reached skill level 10 in Armour
  7105 | D:6      | Found a staircase to the Ecumenical Temple.
  7145 | D:6      | HP: 2/64 [orc priest/divine providence (14)]
  7146 | D:6      | Mangled by an orc warrior

Vault maps used:
D:1:      dpeg_arrival_houses_and_road
D:2:      kennysheep_generic_room_14
D:3:      minmay_diamond_boxcup, grunt_gozag_statues, lemuel_round_altar
D:4:      lemuel_doored_altar, kennysheep_slug_shrine, portal_sewer_entry_e,
          first_bread, hex_medium
D:5:      minivault_11, nrook_mini_vaults, uniq_eustachio, uniq_menkaure
D:6:      grunt_temple_overflow_diamond, minmay_temple_entry_butterflies,
          serial_shops, shop, uniq_duvessa
Sewer:    sewer_fruit_machine

Skill      XL: |  1  2  3  4  5  6  7  8  9 |
---------------+----------------------------+-----
Shields        | 4 5 6 7 8 9 |  9.1
Armour         | 5 9 10 | 10.1
Fighting       | |  3.2
Axes           | |  2.0

Action                   |  1- 3 |  4- 6 |  7- 9 || total
-------------------------+-------+-------+-------++-------
Melee: War axe           |    71 |   183 |   446 ||   700
 Abil: Dig               |     3 |     9 |    34 ||    46
  Use: Potion            |       |       |    10 ||    10
       Scroll            |       |       |     4 ||     4
 Stab: Invisible         |       |       |     1 ||     1
  Eat: Chunk             |     1 |     5 |       ||     6
       Bread ration      |       |       |     5 ||     5
Armor: Scale mail        |    42 |    61 |   151 ||   254
       Chain mail        |       |       |    18 ||    18
Dodge: Dodged            |    27 |    56 |   165 ||   248
Block: Shield            |    47 |   150 |   463 ||   660
